 Dungeon Crawl Stone Soup version 0.30-a0-867-g305f33218d (webtiles) character file.

Game seed: 673058199137286311

70 bande the Covered (level 4, -7/29 HPs)
             Began as a Gargoyle Fighter on Mar 11, 2023.
             Mangled by Crazy Yiuf
             ... wielding a +4 quarterstaff of chaos
              (16 damage)
             ... on level 2 of the Dungeon.
             The game lasted 00:02:29 (1714 turns).

bande the Covered (Gargoyle Fighter)                Turns: 1714, Time: 00:02:30

Health: -7/29      AC: 13    Str: 20    XL:     4   Next: 22%
Magic:  4/4        EV:  7    Int:  8    God:
Gold:   124        SH:  4    Dex: 11    Spells: 3/3 levels left

rFire   . . .      SeeInvis .    a - +0 war axe
rCold   . . .      Faith    .    c - +0 buckler
rNeg    + . .      Spirit   .    k - +0 chain mail
rPois   ∞          Reflect  .    (no helmet)
rElec   +          Rampage  .    (no cloak)
rCorr   .                        (no gloves)
Will    .....                    (no boots) Stlth
                                 (no amulet)
HPRegen 0.24/turn                (no ring)
MPRegen 0.09/turn                (no ring)

@: no status effects
A: sickness immunity, AC +3, negative energy resistance 1, electricity
resistance, torment resistance 1, petrification resistance
a: no special abilities


You were on level 2 of the Dungeon.
You visited 1 branch of the dungeon, and saw 2 of its levels.

You collected 124 gold pieces.

Inventory:

Hand Weapons
 a - a +0 war axe (weapon)
Armour
 c - a +0 buckler (worn)
 k - a +0 chain mail (worn)
Jewellery
 l - a +4 ring of protection
 q - a ring of magical power
Scrolls
 f - 2 scrolls of vulnerability {unknown}
 h - a scroll of blinking {unknown}
 i - a scroll of silence {unknown}
 j - 3 scrolls of identify {unknown}
 m - a scroll of immolation {unknown}
 o - a scroll of butterflies {unknown}
 p - a scroll of torment {unknown}
Potions
 b - a potion of curing {unknown}
 d - 2 potions of might
 e - 2 potions of berserk rage {unknown}
 g - a potion of degeneration {unknown}
 n - a potion of lignification {unknown}


   Skills:
 + Level 3.9 Fighting
 + Level 2.4 Axes
 + Level 4.0 Armour
 + Level 3.8 Shields


You had 3 spell levels left.
You didn't know any spells.
Your spell library contained the following spells:

 Spells                   Type           Power      Damage    Failure   Level
 Ozocubu's Armour         Ice            0%         N/A       100%        3
 Ozocubu's Refrigeration  Ice            0%         4d7       100%        7


Dungeon Overview and Level Annotations

Branches:
Dungeon (2/15)

Altars:

Annotations:
D:2 Crazy Yiuf


Innate Abilities, Weirdness & Mutations

You are immune to sickness and miasma.
Your stone body is resilient. (AC +3)
You are immune to poison.
You resist negative energy. (rN+)
You are resistant to electric shocks. (rElec)
You are resistant to unholy torment.
You are immune to petrification.


Message History

The ball python bites you but does no damage.
You block the ball python's attack. The ball python bites you.
The ball python grabs you. The ball python constricts you.
You hit the ball python.
You kill the ball python!
No target in view!
No target in view!
No target in view!
You see here a +0 whip.
Things that are here:
a +2 scale mail of poison resistance; a +2 short sword of venom
There is a stone staircase leading up here.
There is a stone staircase leading up here.
Found a stone staircase leading down.
Found a ring mail.
There is a stone staircase leading down here.
You now have 124 gold pieces (gained 4).
You see here a +0 ring mail.
There is a stone staircase leading down here.
There is a stone staircase leading up here.
There is a stone staircase leading down here.
You see here a +0 club.
Crazy Yiuf shouts!
As you open the door, it creaks loudly!
Crazy Yiuf drinks a potion.
Crazy Yiuf seems to grow stronger.
Crazy Yiuf hits you with a +4 quarterstaff of chaos!
Crazy Yiuf burns you.
There is an open translucent door here.
You hit Crazy Yiuf.
Crazy Yiuf is lightly wounded.
Crazy Yiuf barely misses you. You block Crazy Yiuf's attack.
You hit Crazy Yiuf.
Crazy Yiuf is heavily wounded.
Crazy Yiuf hits you with a +4 quarterstaff of chaos.
Crazy Yiuf burns you.
You barely miss Crazy Yiuf.
Crazy Yiuf is heavily wounded.
Crazy Yiuf hits you with a +4 quarterstaff of chaos!
Ouch! That really hurt!
You die...

##### #...#
#...# #...#
#...# #####
#...########
#)..#
#...[......#
#...#
###.########
#.g.# #>#
#@# #.# ♣.♣♣
#.# ♣♣.♣ #
#.# ♣.♣♣ #
#.# ♣♣.♣ #
#.# ♣♣.♣♣ #
#.# ♣♣...♣ #
#.# ♣....♣
#.# #....#


You could see Crazy Yiuf (strong).

Vanquished Creatures
  Terence (D:2)
  A gnoll (D:1)
  A worm (D:2)
  2 dart slugs (D:1)
  5 ball pythons
  2 endoplasms (D:1)
  4 goblins (D:1)
  A hobgoblin (D:1)
  2 quokkas
  A bat (D:2)
  2 frilled lizards (D:1)
  4 kobolds
  A rat (D:1)
27 creatures vanquished.

Notes
Turn   | Place    | Note
-------+----------+-------------------------------------------
     0 | D:1      | bande the Gargoyle Fighter began the quest for the Orb.
     0 | D:1      | Reached XP level 1. HP: 14/14 MP: 1/1
   327 | D:1      | Reached XP level 2. HP: 13/19 MP: 2/2
   515 | D:1      | Reached XP level 3. HP: 24/24 MP: 3/3
   729 | D:2      | Noticed Terence
   737 | D:2      | Killed Terence
   738 | D:2      | Reached XP level 4. HP: 29/29 MP: 4/4
   948 | D:2      | Found a runed translucent door.
   949 | D:2      | Noticed Crazy Yiuf
  1140 | D:2      | Reached skill level 4 in Armour
  1140 | D:2      | Found a faded altar of an unknown god.
  1714 | D:2      | Mangled by Crazy Yiuf

Illustrated notes

Levels and vault maps discovered:
D:1:      spicycebolla_arrival_clurvy, layout_basic, minmay_tripent
D:2:      layout_basic, basic_ecumenical_altar, nrook_mini_vaults,
          uniq_crazy_yiuf_cottage, uniq_terence

Skill      XL: |  1  2  3  4 |
---------------+-------------+-----
Axes           | 2 |  2.4
Armour         | 4 |  4.0
Fighting       | |  3.9
Shields        | |  3.8

Action                     |  1- 3 |  4- 6 || total
---------------------------+-------+-------++-------
  Melee: War axe           |    44 |    30 ||    74
 Armour: Scale mail        |    12 |       ||    12
         Chain mail        |     9 |    15 ||    24
  Dodge: Dodged            |    15 |     7 ||    22
  Block: Buckler           |    11 |     9 ||    20

Table legend: (Time is in decaauts)
 A = Elapsed time spent in this place.
 B = Non-inter-level travel time spent in this place.
 C = Inter-level travel time spent in this place.
 D = Time resting spent in this place.
 E = Time spent auto-exploring this place.
 F = Levels seen in this place.
 G = Mean time per level.
                   A        B        C        D        E       F      G
               +--------+--------+--------+--------+--------+-----+--------+
         Total |   1746 |   1746 |      0 |      0 |   1450 |   2 |  873.0 |
       Dungeon |   1746 |   1746 |      0 |      0 |   1450 |   2 |  873.0 |
               +--------+--------+--------+--------+--------+-----+--------+

Top non-repeatable levels by time:
     D:2: 1068 daAuts
     D:1: 677 daAuts
